Map: [ESL] Data-C

Players

Serral - Winner!

  • Race: Zerg Zerg
  • Spawn Location: 9:00

ShoWTimE

  • Race: Protoss Protoss
  • Spawn Location: 3:00

Event: HomeStory Cup XXI

VOD

Have the link to the VOD?

Description

Time

  • Played on: July 23, 2022, 6:49 p.m.
  • Length: 17:24

All games in this series

Show
View Real Time Build Order
Export as new Build Order

Serral Zerg - Winner!

Build Orders: Hatch First, Lurkers 

Get SALT Encoding   

  12  0:00  Drone  
  13  0:12  Overlord  
  13  0:16  Drone  
  14  0:30  Drone x2  
  16  0:47  Hatchery  
  15  0:51  Drone  
  15  0:54  Drone  
  17  0:57  Drone  
  18  1:08  Extractor  
  17  1:12  Spawning Pool  
  17  1:15  Drone  
  17  1:20  Drone  
  18  1:28  Drone  
  19  1:38  Drone  
  20  1:48  Overlord  
  20  1:59  Queen x2  
  20  2:00  Zergling x2  
  25  2:02  Drone  
  26  2:10  Drone x2  
  28  2:21  Drone x2  
  30  2:32  Drone x2  
  30  2:35  Queen x2  
  36  2:42  Overlord  
  36  2:51  Hatchery  
  36  2:54  Drone  
  36  2:57  Overlord  
  36  3:00  Drone  
  36  3:04  Drone x2  
  39  3:09  Drone x3  
  42  3:13  Drone x2  
  44  3:20  Queen  
  44  3:23  Queen  
  48  3:28  Overlord  
  48  3:31  Drone x2  
  48  3:34  Overlord  
  50  3:46  Spore Crawler  
  50  3:47  Spore Crawler  
  50  3:48  Drone x5  
  53  3:51  Zergling x4  
  53  3:52  Zergling x2  
  53  3:53  Drone  
  57  4:00  Queen  
  57  4:02  Overlord  
  59  4:03  Drone  
  59  4:05  Drone  
  61  4:12  Lair  
  61  4:14  Drone x2  
  61  4:15  Drone  
  61  4:16  Drone  
  65  4:22  Extractor, Roach Warren, Drone  
  65  4:23  Drone  
  65  4:26  Drone x2  
  65  4:30  Drone x3  
  70  4:35  Drone x3  
  73  4:38  Queen  
  73  4:40  Drone  
  73  4:42  Overlord  
  73  4:44  Drone  
  73  4:45  Drone  
  78  4:48  Drone x3  
  81  4:54  Evolution Chamber  
  81  4:58  Hatchery  
  78  5:01  Drone x3  
  78  5:04  Drone  
  79  5:10  Drone x6  
  79  5:13  Extractor  
  84  5:14  Extractor  
  84  5:15  Glial Reconstitution  
  84  5:16  Overlord  
  84  5:20  Overlord  
  82  5:23  Spore Crawler  
  82  5:28  Zerg Missile Weapons Level 1  
  81  5:29  Roach x3  
  87  5:36  Roach x4  
  87  5:37  Roach  
  87  5:41  Overlord  
  87  5:42  Metabolic Boost  
  97  5:48  Roach  
  97  5:49  Overlord  
  99  5:50  Overlord  
  99  5:53  Roach x2  
  99  5:54  Roach  
  105  5:59  Overlord x2  
  103  6:05  Roach x4  
  111  6:16  Queen  
  113  6:19  Overlord  
  113  6:20  Roach  
  113  6:21  Drone x9  
  125  6:25  Roach  
  125  6:28  Roach x4  
  125  6:31  Overlord  
  132  6:34  Zergling x2  
  129  6:41  Roach x7  
  138  6:50  Drone x3  
  139  6:57  Evolution Chamber, Extractor  
  139  6:59  Baneling Nest, Drone x2  
  139  7:00  Drone x4  
  144  7:08  Drone x2  
  144  7:10  Roach x4  
  144  7:11  Roach x3, Overlord  
  158  7:15  Overlord  
  158  7:18  Overlord  
  158  7:22  Zergling x4  
  160  7:25  Overlord  
  160  7:27  Overlord x2, Hatchery  
  160  7:29  Zerg Melee Weapons Level 1  
  158  7:33  Overlord  
  158  7:35  Zergling x2  
  158  7:37  Zerg Missile Weapons Level 2  
  159  7:38  Zergling x14  
  159  7:42  Centrifugal Hooks  
  166  7:54  Drone x2  
  166  7:55  Drone, Zergling x16  
  177  8:04  Zergling x16  
  173  8:13  Zergling x12  
  173  8:18  Queen  
  173  8:19  Queen  
  181  8:20  Infestation Pit  
  181  8:23  Baneling x5  
  181  8:24  Baneling x3  
  181  8:25  Roach x3, Zergling x2  
  187  8:32  Drone x3  
  190  8:36  Roach x2, Zergling x2  
  190  8:38  Zergling x4  
  190  8:39  Zergling x2  
  198  8:45  Spore Crawler  
  198  8:47  Zergling x6  
  198  8:59  Zergling x2  
  198  9:00  Hive  
  198  9:02  Overlord  
  199  9:04  Overlord  
  199  9:08  Overlord  
  197  9:10  Overlord  
  197  9:15  Zergling x12  
  200  9:19  Baneling  
  200  9:20  Baneling x14  
  200  9:23  Baneling x11  
  200  9:25  Zerg Melee Weapons Level 2  
  200  9:29  Spine Crawler x2  
  200  9:30  Drone  
  198  9:35  Drone  
  190  9:48  Zergling x2  
  190  9:49  Zergling x18  
  199  9:58  Zergling x18  
  196  10:04  Drone x3  
  196  10:08  Baneling x3  
  196  10:09  Zergling x6  
  196  10:12  Extractor, Hydralisk Den  
  197  10:16  Zerg Ground Armor Level 1  
  188  10:22  Zergling x2  
  188  10:23  Zergling x26  
  172  10:31  Zergling x24, Hatchery  
  172  10:32  Zergling x8  
  179  10:39  Zergling x6  
  179  10:40  Zergling x4  
  179  10:41  Hatchery  
  179  10:42  Adrenal Glands  
  182  10:44  Drone  
  182  10:45  Viper, Drone x2  
  182  10:48  Viper  
  191  10:53  Baneling x16  
  191  11:00  Extractor  
  191  11:01  Spine Crawler, Drone x3  
  191  11:02  Spine Crawler, Drone x3  
  191  11:03  Zergling x10  
  191  11:04  Spine Crawler  
  198  11:07  Baneling x12  
  198  11:15  Grooved Spines  
  194  11:26  Zergling x10  
  194  11:30  Extractor, Lurker Den  
  197  11:44  Zerg Melee Weapons Level 3  
  196  12:00  Zergling x6  
  199  12:08  Spore Crawler  
  193  12:21  Zergling x2  
  193  12:22  Zergling x44  
  186  12:26  Hydralisk x6  
  186  12:27  Hydralisk x3  
  186  12:28  Zergling x24  
  198  12:30  Zergling x2  
  198  12:31  Zergling x6  
  198  12:35  Baneling x5  
  198  12:36  Baneling x2  
  198  12:39  Baneling  
  198  12:40  Baneling x20  
  198  12:41  Muscular Augments  
  198  12:42  Seismic Spines  
  198  12:47  Spine Crawler  
  198  12:48  Spine Crawler x2, Drone x2  
  194  12:52  Drone x3  
  194  12:57  Zergling x12  
  198  13:05  Baneling x5  
  198  13:06  Baneling  
  198  13:09  Extractor  
  198  13:10  Drone x2  
  188  13:27  Zergling x22  
  168  13:37  Zergling x36  
  168  13:40  Zergling x20  
  180  13:45  Zerg Ground Armor Level 2  
  180  13:47  Baneling x13  
  178  13:50  Zergling x14  
  178  13:52  Lurker x5  
  178  13:53  Lurker x3  
  193  13:58  Drone  
  193  14:00  Zergling x10  
  199  14:05  Baneling  
  199  14:06  Baneling x8, Hatchery  
  199  14:09  Zergling x2  
  199  14:12  Spire  
  198  14:17  Adaptive Talons  
  198  14:27  Zergling x6  
  188  14:36  Zergling x28  
  188  14:37  Zergling x2  
  171  14:48  Zergling x22  
  171  14:49  Zergling x14  
  183  15:01  Zergling x24  
  191  15:07  Zergling x6  
  186  15:15  Zergling x12  
  177  15:22  Baneling  
  177  15:23  Baneling x10  
  177  15:27  Hydralisk x5  
  177  15:28  Zergling x2  
  186  15:33  Zergling x4  
  188  15:35  Greater Spire  
  183  15:51  Hydralisk x4  
  187  16:01  Drone x4  
  187  16:03  Overseer  
  190  16:05  Corruptor x5  
  190  16:08  Unknown  
  198  16:16  Extractor  
  184  16:28  Spore Crawler  
  184  16:31  Zergling x6  
  184  16:32  Zergling x4  
  185  16:38  Baneling  
  185  16:39  Baneling x5  
  183  16:40  Spore Crawler  
  173  16:47  Brood Lord x5  
  173  16:48  Zergling x20  
  186  16:55  Zergling x8  
  186  16:56  Zergling x22  
Show
View Real Time Build Order
Export as new Build Order

ShoWTimE Protoss 

Build Orders: 1 Gate Expand, Oracle Opening, Chargelot Immortal 

Get SALT Encoding   

  12  0:00  Probe  
  13  0:12  Probe  
  14  0:17  Pylon  
  14  0:24  Probe (Chrono Boost)  
  15  0:36  Probe (Chrono Boost)  
  15  0:38  Gateway  
  16  0:45  Probe (Chrono Boost)  
  16  0:46  Assimilator  
  17  0:50  Probe  
  18  1:03  Probe  
  19  1:15  Probe  
  20  1:25  Nexus  
  20  1:28  Probe  
  21  1:39  Cybernetics Core  
  21  1:43  Assimilator  
  21  1:47  Probe  
  22  1:54  Pylon  
  22  1:59  Probe  
  23  2:12  Probe (Chrono Boost)  
  24  2:16  Adept, Stargate  
  24  2:22  Probe (Chrono Boost)  
  27  2:24  Warp Gate  
  27  2:27  Probe (Chrono Boost)  
  28  2:37  Probe (Chrono Boost)  
  30  2:44  Probe (Chrono Boost)  
  30  2:46  Stalker, Probe (Chrono Boost)  
  30  2:51  Probe x2 (Chrono Boost)  
  34  2:56  Oracle (Chrono Boost)  
  35  3:02  Probe  
  35  3:03  Probe  
  40  3:08  Pylon  
  40  3:14  Probe  
  40  3:15  Probe  
  42  3:24  Oracle (Chrono Boost)  
  42  3:27  Probe x2  
  47  3:37  Nexus  
  47  3:42  Pylon  
  47  3:43  Probe  
  47  3:44  Probe  
  49  3:52  Twilight Council  
  49  3:54  Assimilator  
  49  3:55  Probe  
  50  3:56  Probe  
  51  4:06  Gateway  
  51  4:07  Probe  
  51  4:08  Probe  
  51  4:09  Gateway  
  53  4:14  Blink (Chrono Boost)  
  53  4:19  Probe  
  53  4:20  Probe  
  53  4:21  Gateway  
  55  4:25  Assimilator  
  55  4:27  Pylon  
  55  4:31  Probe  
  55  4:32  Probe  
  57  4:39  Stalker  
  61  4:45  Probe (Chrono Boost)  
  61  4:46  Forge  
  61  4:47  Probe (Chrono Boost)  
  61  4:50  Probe (Chrono Boost)  
  65  5:00  Probe (Chrono Boost)  
  65  5:01  Probe x2 (Chrono Boost)  
  65  5:06  Probe (Chrono Boost)  
  65  5:07  Stalker x3  
  65  5:08  Probe  
  65  5:09  Probe  
  65  5:12  Pylon  
  74  5:15  Stalker  
  74  5:17  Probe  
  74  5:18  Shield Battery  
  74  5:20  Protoss Ground Weapons Level 1 (Chrono Boost), Probe  
  74  5:21  Probe  
  79  5:29  Probe  
  79  5:31  Stalker x2  
  79  5:33  Stalker  
  86  5:39  Oracle  
  86  5:42  Stalker  
  91  5:43  Pylon  
  91  5:48  Probe  
  92  5:51  Pylon  
  92  6:02  Stalker x3  
  98  6:07  Probe  
  99  6:14  Charge  
  99  6:17  Pylon  
  99  6:24  Gateway  
  99  6:25  Probe x3  
  102  6:26  Gateway  
  102  6:27  Gateway  
  102  6:34  Pylon  
  98  6:43  Stalker x4  
  106  6:47  Nexus  
  106  6:50  Photon Cannon  
  106  6:52  Shield Battery  
  106  6:55  Probe  
  106  6:56  Probe  
  108  7:06  Stalker x4  
  114  7:09  Probe  
  114  7:10  Probe x2  
  114  7:14  Gateway  
  117  7:16  Gateway  
  117  7:17  Gateway  
  117  7:21  Pylon  
  117  7:22  Probe  
  118  7:31  Zealot x3  
  118  7:33  Protoss Ground Weapons Level 2 (Chrono Boost)  
  118  7:34  Pylon x2  
  118  7:35  Probe  
  118  7:36  Pylon  
  125  7:39  Probe x2  
  125  7:40  Zealot x3  
  133  7:45  Pylon  
  133  7:55  Zealot x4  
  141  7:58  Robotics Facility  
  141  7:59  Robotics Facility  
  123  8:18  Probe x4  
  123  8:19  Robotics Facility  
  125  8:27  Pylon, Assimilator  
  125  8:29  Assimilator, Zealot x6  
  125  8:30  Probe x3, Zealot x4  
  148  8:43  Probe x2, Immortal x2 (Chrono Boost)  
  148  8:44  Probe  
  148  8:48  Pylon  
  159  8:51  Robotics Bay  
  153  9:00  Zealot x5  
  153  9:01  Zealot x4  
  169  9:13  Probe  
  169  9:16  Immortal x2 (Chrono Boost)  
  170  9:23  Probe x2  
  181  9:24  Assimilator  
  181  9:27  Observer (Chrono Boost)  
  181  9:28  Assimilator  
  181  9:31  Shield Battery  
  181  9:33  Shield Battery  
  179  9:43  Photon Cannon  
  179  9:44  Disruptor (Chrono Boost)  
  179  9:45  Disruptor x2 (Chrono Boost)  
  163  9:46  Photon Cannon  
  163  9:52  Stalker x2  
  160  9:53  Stalker x2, Protoss Ground Weapons Level 3 (Chrono Boost)  
  152  10:02  Photon Cannon  
  152  10:03  Pylon  
  152  10:06  Templar Archives, Zealot x2  
  152  10:12  Photon Cannon  
  152  10:13  Disruptor  
  155  10:16  Disruptor  
  155  10:20  Stalker x3  
  130  10:30  Zealot x4  
  130  10:32  Stalker x3  
  130  10:41  Pylon  
  130  10:42  Disruptor  
  133  10:46  Photon Cannon  
  133  10:47  High Templar x3  
  133  10:48  Photon Cannon  
  139  10:50  Shield Battery  
  139  10:51  Archon, High Templar  
  139  10:56  Archon  
  141  11:00  Immortal x2  
  141  11:01  Pylon  
  149  11:11  Nexus  
  148  11:26  High Templar x3  
  148  11:27  High Templar  
  148  11:28  Zealot x6  
  148  11:32  Archon x2  
  168  11:35  Forge  
  168  11:42  Pylon  
  168  11:43  Immortal x2  
  168  11:44  Immortal  
  180  11:53  Nexus  
  179  12:05  Zealot x5  
  183  12:11  Nexus, Pylon  
  183  12:21  Zealot x5  
  169  12:27  Protoss Ground Armor Level 1 (Chrono Boost)  
  169  12:28  Warp Prism (Chrono Boost)  
  163  12:35  Zealot x5  
  173  12:37  Protoss Shields Level 1 (Chrono Boost)  
  173  12:42  High Templar x4, Zealot  
  183  12:48  Archon x2  
  183  12:52  Photon Cannon, Probe x2  
  183  12:53  Probe x2  
  183  12:54  Photon Cannon  
  187  13:04  Probe x2  
  189  13:07  Zealot x5  
  189  13:11  Photon Cannon  
  191  13:21  Zealot x4  
  191  13:26  Zealot x2  
  187  13:33  Stalker  
  187  13:34  Stalker x2  
  167  13:39  Stalker  
  153  13:42  Psionic Storm  
  153  13:48  High Templar x2  
  153  13:49  High Templar x4  
  153  13:51  Pylon  
  165  14:02  High Templar  
  165  14:03  High Templar x2  
  165  14:06  Archon, Assimilator  
  165  14:07  High Templar  
  173  14:11  Assimilator  
  173  14:13  Pylon  
  173  14:16  Archon  
  173  14:22  Zealot x5  
  183  14:25  Nexus  
  183  14:26  Stalker  
  163  14:35  Probe x5  
  163  14:38  Zealot x3  
  165  14:45  Zealot x3  
  170  14:47  Probe  
  169  14:55  Zealot  
  169  14:56  Zealot x3  
  170  15:05  Zealot x5  
  150  15:18  Zealot x5  
  137  15:34  High Templar x5  
  137  15:37  Nexus  
  137  15:38  Archon x2  
  137  15:41  High Templar x4  
  145  15:45  Archon  
  145  15:46  Archon  
  145  15:48  Zealot  
  142  15:54  Pylon  
  141  16:11  Zealot x6  
  153  16:13  Pylon  
  153  16:17  Zealot x3  
  153  16:18  Zealot  
  127  16:33  Zealot x2  
  127  16:39  Zealot x2  
  135  16:40  Zealot x3  
  111  16:49  Zealot  
  111  16:50  Zealot x2  
  113  17:03  Zealot x4  
Tags
 
Add a new tag
Caveats
  • Supply blocks, unpowered buildings, or Contaminate may cause inaccurate times.
  • Supply counts are checked every 10 seconds.